 Dungeon Crawl Stone Soup version 0.31-a0-848-gaac375c287 (webtiles) character file.

Game seed: 10867179245057747786

4474 Aneyh the Fighter (level 10, -7/72 HPs)
             Began as a Tengu Monk on Oct 5, 2023.
             Mangled by a wyvern (11 damage)
             ... on level 7 of the Dungeon.
             The game lasted 00:11:11 (8766 turns).

Aneyh the Fighter (Tengu Monk)                      Turns: 8766, Time: 00:11:12

Health: -7/72      AC:  4    Str: 15    XL:     10   Next: 38%
Magic:  11/11      EV: 16    Int: 14    God:
Gold:   441        SH:  0    Dex: 17    Spells: 9/9 levels left

rFire   + . .        J - +5 spear of the Crawling Thing {heavy, rF+ rC- Int+3}
rCold   x . .        e - +0 buckler
rNeg    . . .        i - +0 leather armour
rPois   .            (helmet restricted)
rElec   .            o - +0 cloak
rCorr   .            (no gloves)
SInv    .            (boots unavailable)
Will    .....        f - amulet of reflection
Stlth   +            h - +4 ring of slaying
HPRegen 0.32/turn    (no ring)
MPRegen 0.12/turn

%: reflection, acrobat
@: confused, ambrosia-drunk, flying
A: beak, talons 3, evasive flight, acrobatic
a: no special abilities


You were on level 7 of the Dungeon.
You visited 2 branches of the dungeon, and saw 9 of its levels.
You also visited: Sewer.

You collected 441 gold pieces.

Inventory:

Hand Weapons
 a - a +0 spear
 b - a +1 dagger of venom
 q - a +1 dagger of electrocution
 y - a +1 heavy trident
 z - a +0 trident
 J - the +5 spear of the Crawling Thing (weapon) {heavy, rF+ rC- Int+3}
   (You found it on level 6 of the Dungeon)

   Int+3:     It affects your intelligence (+3).
   rF+:       It protects you from fire.
   rC-:       It makes you vulnerable to cold.
 N - a +1 heavy halberd
 O - a +4 trident of draining
 Q - a +1 orcbow of flaming
 T - a +0 glaive
Missiles
 t - 15 boomerangs
 u - a throwing net (quivered)
Armour
 d - an orb of light
 e - a +0 buckler (worn)
 i - a +0 leather armour (worn)
 m - a +0 robe
 o - a +0 cloak (worn)
 I - a +1 scale mail of willpower
Jewellery
 f - an amulet of reflection (around neck)
 h - a +4 ring of slaying (left hand)
 v - the ring of Bacva Nugg {rCorr MP+9 Int+3}
   (You found it on level 2 of the Dungeon)

   [ring of magical power]

   Int+3:     It affects your intelligence (+3).
   MP+9:      It affects your magic capacity (+9).
   rCorr:     It protects you from acid and corrosion.
 D - an amulet of guardian spirit
 M - a ring of resist corrosion
Wands
 n - a wand of roots (4)
 G - a wand of charming (4)
 P - a wand of acid (9)
Scrolls
 g - 5 scrolls of teleportation {unknown}
 p - a scroll of acquirement {unknown}
 r - a scroll of summoning {unknown}
 w - 3 scrolls of noise
 A - a scroll of vulnerability {unknown}
 B - 2 scrolls of blinking {unknown}
 C - 2 scrolls of revelation {unknown}
 E - a scroll of enchant armour
 F - 2 scrolls of amnesia {unknown}
 L - 2 scrolls of brand weapon {unknown}
 R - a scroll of enchant weapon
 S - 3 scrolls of poison {unknown}
Potions
 c - a potion of ambrosia
 j - a potion of haste {unknown}
 k - 7 potions of curing
 l - 6 potions of lignification
 s - 5 potions of enlightenment
 K - a potion of attraction {unknown}


   Skills:
 * Level 12.5 Fighting
 - Level 10.0 Polearms
 - Level 3.2 Dodging


You had 9 spell levels left.
You didn't know any spells.
Your spell library contained the following spells:

 Spells                   Type           Power      Damage    Failure   Level
 Apportation              Tloc           0%         N/A       45%         1
 Necrotise                Necr           0%         1d4       45%         1
 Jinxbite                 Hex            0%         N/A       58%         2
 Static Discharge         Conj/Air       0%         2-2/arc   58%         2
 Vampiric Draining        Necr           0%         2d6       83%         3
 Airstrike                Air            0%         2d(0-16)  99%         4
 Animate Dead             Necr           0%         N/A       99%         4
 Brom's Barrelling Bould  Conj/Erth      0%         2d3       99%         4
 Cause Fear               Hex            0%         N/A       99%         4
 Summon Lightning Spire   Summ/Air       0%         N/A       99%         4
 Agony                    Necr           0%         N/A       100%        5
 Alistair's Intoxication  Tmut/Pois      0%         N/A       100%        5
 Fireball                 Conj/Fire      0%         3d3       100%        5
 Iskenderun's Battlesphe  Conj           0%         2d6       100%        5
 Conjure Ball Lightning   Conj/Air       0%         3x3d6     100%        6
 Haunt                    Necr/Summ      0%         N/A       100%        7
 Orb of Destruction       Conj           0%         9d5       100%        7
 Infestation              Necr           0%         N/A       100%        8
 Dragon's Call            Summ           0%         N/A       100%        9


Dungeon Overview and Level Annotations

Branches:
Dungeon (8/15)             Temple (1/1) D:5           Sewer (visited)
   Lair: D:8-11

Altars:
Ashenzari
Cheibriados
Fedhas
Gozag
Hepliaklqana
Kikubaaqudgha
Makhleb
Nemelex Xobeh
Okawaru
Qazlal
Sif Muna
Trog
Uskayaw
Vehumet
Wu Jian
Xom
Yredelemnul
Zin
The Shining One

Shops:
D:1 =?


Innate Abilities, Weirdness & Mutations

You have a beak for a mouth.
You have claws for feet.
Your magical flight helps you evade attacks. (EV +4)
You can magically evade attacks while moving or waiting.


Message History

You impale the orc priest!!
You kill the orc priest!
The wyvern bites you!! The wyvern attacks as it pursues you!
The wyvern completely misses you. The wyvern attacks as it pursues you!
The wyvern misses you. You block the wyvern's attack.
The wyvern attacks as it pursues you! You block the wyvern's attack.
The wyvern attacks as it pursues you! The wyvern barely misses you.
The wyvern closely misses you. The wyvern attacks as it pursues you!
The wyvern misses you.
There is a stone staircase leading up here.
The wyvern misses you.
The hornet stings you but does no damage.
The wyvern bites you!
You fly upwards.
You block the death knight's attack.
There is a stone staircase leading down here.
You feel much better. The hornet barely misses you.
The wyvern hisses menacingly.
The wyvern closely misses you. The hornet barely misses you.
The death knight hits you with a +1 morningstar of protection!!
* * * LOW HITPOINT WARNING * * *
You block the wyvern's attack. The hornet attacks as it pursues you!
The hornet misses you. The wyvern completely misses you.
The death knight attacks as it pursues you!
You block the death knight's attack. The hornet attacks as it pursues you!
The hornet completely misses you. You block the wyvern's attack.
You block the hornet's attack.
The death knight offers itself to Yredelemnul, and fills with unholy energy.
The wyvern bites you!
* * * LOW HITPOINT WARNING * * *
Okay, then.
Sorry, you're not good enough to have a special ability.
You are confused.
You feel invigorated. The wyvern misses you. The hornet completely misses you.
You hit the wyvern. Your kick misses the wyvern.
The wyvern is lightly wounded.
The wyvern bites you!
* * * LOW HITPOINT WARNING * * *
The hornet closely misses you. The wyvern bites you!
You die...

#.....######.###.# #.# #..#..#
##...## #.# #.# #.# ###.### ##.##
#.###.###.# #.# #.# #.........#
#.# #.# #####.##### ##.## ##'##
#.# ##.#.## ##...## #)#
#####.###.# #.....## ####)#
#......#.## .......## ##.##@#
#.###.#..## #
........####.>.ly###.###.#...####
........'......p..[.............'
.>......#.##...##.##.###.....####
.......##.###.###.##.# ##.#.## #
#.....###.# #...#.##.# #.#.#
##...## #.# ###.#.##.####.#.#
##'## #.#####.#.##........# #.#
#.........#######.###


You could see a death knight (reflects damage), a hornet and a wyvern.

Vanquished Creatures
  Joseph (D:8)
  Jeremiah (D:7)
  A yak (D:6)
  Edmund (D:4)
  An acid dragon (D:8)
  An orc warrior (D:8)
  A sky beast (D:7)
  2 ice beasts
  3 black bears
  An ogre (D:5)
  4 centaurs
  A phantom (D:6)
  4 kobold brigands
  Blork the orc (D:5)
  4 scorpions (D:6)
  4 bullfrogs
  10 wights
  A killer bee (D:6)
  A howler monkey (D:6)
  5 hounds
  2 jellies
  2 gnoll boudas (D:7)
  8 orc priests
  A sleepcap (D:6)
  An iguana (D:5)
  4 orc wizards
  5 adders
  11 gnolls
  2 white imps
  An ufetubus (D:5)
  2 worms
  3 dart slugs
  31 orcs
  6 bats
  6 endoplasms
  6 giant cockroaches
  5 goblins
  3 hobgoblins
  2 jackals (D:1)
  3 quokkas
  4 ball pythons
  A frilled lizard (D:3)
  32 kobolds
  5 rats
194 creatures vanquished.

Notes
Turn   | Place    | Note
-------+----------+-------------------------------------------
     0 | D:1      | Aneyh the Tengu Monk began the quest for the Orb.
     0 | D:1      | Reached XP level 1. HP: 14/14 MP: 2/2
    56 | D:1      | Found Huboocum's Magic Scroll Emporium.
    69 | D:1      | Reached XP level 2. HP: 14/19 MP: 3/3
   160 | D:1      | Found Miemor's Jewellery Shop.
  1161 | D:2      | Reached XP level 3. HP: 24/24 MP: 4/4
  1266 | D:2      | Reached skill level 4 in Fighting
  1470 | D:2      | Found a faded altar of an unknown god.
  1785 | D:2      | Identified the ring of Bacva Nugg {rCorr MP+9 Int+3}
  1878 | D:3      | Reached XP level 4. HP: 30/30 MP: 5/5
  1925 | D:3      | Found a glowing drain.
  1952 | Sewer    | Entered a sewer
  2027 | Sewer    | Noticed a kobold brigand
  2053 | Sewer    | Killed a kobold brigand
  2054 | Sewer    | Reached skill level 5 in Fighting
  2054 | Sewer    | Reached XP level 5. HP: 23/35 MP: 6/6
  2099 | Sewer    | Noticed a kobold brigand
  2106 | Sewer    | Killed a kobold brigand
  2107 | Sewer    | Reached skill level 6 in Fighting
  2107 | Sewer    | Reached XP level 6. HP: 29/41 MP: 7/7
  2196 | Sewer    | Found a glowing silver altar of Zin.
  2695 | D:3      | Found a hazy altar of Hepliaklqana.
  2732 | D:3      | Found a burning altar of Makhleb.
  2732 | D:3      | Noticed a cacodemon
  2737 | D:3      | Noticed a neqoxec
  2737 | D:3      | Noticed an orange demon
  2963 | D:4      | Found a blossoming altar of Fedhas.
  2978 | D:4      | Noticed a black bear
  2985 | D:4      | Killed a black bear
  2986 | D:4      | Reached skill level 7 in Fighting
  3068 | D:4      | Gained mutation: Your magical flight helps you evade
                  | attacks. (EV +4) [Tengu growth]
  3068 | D:4      | Reached XP level 7. HP: 48/48 MP: 8/8
  3542 | D:4      | Noticed Edmund
  3550 | D:4      | Killed Edmund
  3605 | D:5      | Entered Level 5 of the Dungeon
  3638 | D:5      | Found a staircase to the Ecumenical Temple.
  3662 | Temple   | Entered the Ecumenical Temple
  3672 | D:5      | Reached skill level 8 in Fighting
  3699 | D:5      | Noticed Blork the orc
  3708 | D:5      | Killed Blork the orc
  3896 | D:5      | Reached skill level 5 in Polearms
  3912 | D:5      | Reached XP level 8. HP: 55/55 MP: 9/9
  4375 | D:5      | Reached skill level 9 in Fighting
  4847 | D:6      | Identified the +5 spear of the Crawling Thing {heavy, rF+
                  | rC- Int+3}
  5030 | D:6      | Found a glowing golden altar of the Shining One.
  5072 | D:6      | Found a bloodstained altar of Trog.
  5078 | D:6      | Got a fuliginous book
  5235 | D:6      | Noticed a yak
  5249 | D:6      | Killed a yak
  5250 | D:6      | Reached skill level 10 in Fighting
  5250 | D:6      | Reached XP level 9. HP: 33/62 MP: 10/10
  6215 | D:7      | Noticed Jeremiah
  6639 | D:7      | Killed Jeremiah
  7086 | D:7      | Reached skill level 11 in Fighting
  7161 | D:7      | Found an ornate altar of the Wu Jian Council.
  7211 | D:7      | Found a radiant altar of Vehumet.
  7217 | D:7      | Reached skill level 10 in Polearms
  7249 | D:7      | Reached XP level 10. HP: 70/70 MP: 11/11
  7763 | D:8      | Noticed Joseph
  7771 | D:8      | Killed Joseph
  7829 | D:8      | Noticed a death knight
  8208 | D:7      | Reached skill level 12 in Fighting
  8725 | D:8      | Noticed a two-headed ogre
  8766 | D:7      | Mangled by a wyvern

Illustrated notes

Levels and vault maps discovered:
D:1:      mrwooster_arrival_arrow, layout_basic, serial_shops, shop, shop,
          serial_curves, eino_curves_01, eino_curves_04, eino_curves_02,
          eino_curves_03, minmay_stone_trees_large, patterned_corridor
D:2:      layout_basic, hellmonk_ecumenical_altar_leap_of_faith,
          wad_floor_pattern_untrapped
D:3:      layout_rooms, makhleb_altar_promises_db,
          nicolae_hepliaklqana_hazy_memory, gup_sewer_entry_glass
D:4:      layout_loops_ring, fedhas_altar_3, uniq_edmund
D:5:      kennysheep_kobold_camp, layout_layer_cave, minmay_temple_entry_tees,
          uniq_blork_the_orc
D:6:      minmay_octagon_keep, layout_gridville, trog_book,
          mainiacjoe_overflow_surrounded_room
D:7:      layout_loops_corners, mainiacjoe_overflow_paths,
          mainiacjoe_overflow_alcove_1, uniq_jeremiah
D:8:      minmay_opposing_rooms, layout_basic, uniq_joseph
Temple:   nicolae_temple_godzebo

Skill      XL: |  1  2  3  4  5  6  7  8  9 10 |
---------------+-------------------------------+-----
Fighting       | 4 5 6 7 8 10 11 12 | 12.5
Polearms       | 4 5 7 10 | 10.0
Dodging        | |  3.2

Action                     |  1- 3 |  4- 6 |  7- 9 | 10-12 || total
---------------------------+-------+-------+-------+-------++-------
  Melee: Spear             |    67 |    85 |   162 |    65 ||   379
         Kick              |    10 |    25 |    35 |    13 ||    83
         Peck              |     7 |    13 |    30 |     8 ||    58
         Trident           |       |       |    81 |       ||    81
  Throw: Throwing net      |       |     1 |       |       ||     1
    Use: Potion            |       |       |     1 |     4 ||     5
         Scroll            |       |       |       |     9 ||     9
   Stab: Sleeping          |     3 |       |       |       ||     3
 Armour: Robe              |     4 |       |       |       ||     4
         Leather armour    |     5 |    20 |    81 |    24 ||   130
  Dodge: Dodged            |    11 |    29 |   108 |    55 ||   203
  Block: Other             |     1 |       |       |       ||     1
         Buckler           |    10 |    39 |    98 |    30 ||   177
         Reflection        |     1 |       |    11 |     1 ||    13

Table legend: (Time is in decaauts)
 A = Elapsed time spent in this place.
 B = Non-inter-level travel time spent in this place.
 C = Inter-level travel time spent in this place.
 D = Time resting spent in this place.
 E = Time spent auto-exploring this place.
 F = Levels seen in this place.
 G = Mean time per level.
                   A        B        C        D        E       F      G
               +--------+--------+--------+--------+--------+-----+--------+
         Total |   8860 |   8505 |    355 |   1825 |   5308 |  10 |  886.0 |
       Dungeon |   8540 |   8185 |    355 |   1716 |   5168 |   8 | 1067.5 |
        Temple |      1 |      1 |      0 |      0 |      0 |   1 |    1.0 |
         Sewer |    318 |    318 |      0 |    109 |    139 |   1 |  318.0 |
               +--------+--------+--------+--------+--------+-----+--------+

Top non-repeatable levels by time:
     D:7: 1771 daAuts
     D:6: 1669 daAuts
     D:5: 1206 daAuts
     D:2: 1081 daAuts
     D:1: 1066 daAuts
     D:4: 667 daAuts
     D:8: 570 daAuts
     D:3: 506 daAuts
   Sewer: 318 daAuts
  Temple: 1 daAuts
